 Dungeon Crawl Stone Soup version 0.29-a0-887-gcbe080d7e0 (webtiles) character file.

Game seed: 14977967966639956359

3956 Spectrina the Fighter (level 10, 0/81 HPs)
             Began as a Djinni Arcane Marksman on July 21, 2022.
             Was a Follower of Yredelemnul.
             Slain by a steam dragon (5 damage)
             ... on level 8 of the Dungeon.
             The game lasted 00:44:41 (3668 turns).

Spectrina the Fighter (Djinni Arcane Marksman)      Turns: 3668, Time: 00:44:43

Health: 0/81       AC:  6    Str:  9      XL:     10   Next: 45%
Gold:   91         EV: 12    Int: 18 (20) God:    Yredelemnul [*.....] SH:  0 Dex: 11 (13)

rFire   + + .      SeeInvis +   a - +1 sling
rCold   x . .      Faith    .   (no shield)
rNeg    . . .      Spirit   .   c - +0 robe
rPois   ∞          Reflect  .   g - +2 helmet
rElec   .          Harm     .   D - scarf {shadows}
rCorr   .          Rampage  .   j - +0 pair of gloves
Will    +....                   (boots unavailable)
Stlth   +++.......              (no amulet)
HPRegen 0.23/turn               (no ring)
MPRegen 0.00/turn               (no ring)

@: portalling projectiles, freezing walls, flying
A: sickness immunity, fire resistance 2, cold vulnerability 1, float, innate
caster, HP casting, extra vitality 1, see invisible, screaming 1, subdued magic
1, inability to read while threatened 1, MP-powered wands
a: Renounce Religion, Recall Undead Harvest


You were on level 8 of the Dungeon.
You worshipped Yredelemnul.
Yredelemnul was noncommittal.
You visited 2 branches of the dungeon, and saw 9 of its levels.
You also visited: Sewer.

You collected 385 gold pieces.
You spent 294 gold pieces at shops.

Inventory:

Hand Weapons
 a - a +1 sling (weapon)
 b - a +2 whip of electrocution
 H - a +0 arbalest
Missiles
 m - 6 atropa-tipped darts
 t - 6 javelins
Armour
 c - a +0 robe (worn)
 f - a +0 cloak
 g - a +2 helmet (worn)
 j - a +0 pair of gloves (worn)
 D - a scarf of shadows (worn)
Magical Staves
 z - a staff of cold
Wands
 k - a wand of iceblast (6)
 y - a wand of mindburst (17)
 I - a wand of digging (7)
Scrolls
 d - 2 scrolls of fear {unknown}
 e - 4 scrolls of immolation
 i - 6 scrolls of teleportation
 l - 3 scrolls of magic mapping {unknown}
 o - a scroll of amnesia {unknown}
 s - 2 scrolls of blinking {unknown}
 u - 2 scrolls of vulnerability
 C - a scroll of summoning
Potions
 h - 2 potions of might
 n - 3 potions of lignification
 p - a potion of curing
 v - a potion of haste
 x - a potion of brilliance
 E - 2 potions of attraction


   Skills:
 - Level 10.6 Fighting
 - Level 1.5 Ranged Weapons
 - Level 2.1 Dodging
 + Level 5.7 Stealth
 * Level 7.5 Spellcasting
 + Level 2.3 Invocations


You had 4 spell levels left.
You knew the following spells:

 Your Spells              Type           Power      Damage    Failure   Level
a - Slow                  Hex            100%       N/A       1%          1
f - Frozen Ramparts       Ice            52%        1d7       1%          3
i - Inner Flame           Hex/Fire       26%        N/A       1%          3
m - Cause Fear            Hex            13%        N/A       3%          4
q - Shock                 Conj/Air       100%       1d9       1%          1
r - Searing Ray           Conj           52%        2d6       1%          2
x - Call Canine Familiar  Summ           26%        N/A       1%          3
y - Portal Projectile     Hex/Tloc       52%        N/A       1%          3
Your spell library was empty.

Dungeon Overview and Level Annotations

Branches:
Dungeon (8/15)             Temple (1/1) D:4           Sewer (visited)
   Lair: D:8-11

Altars:
Ashenzari
Cheibriados
Dithmenos
Elyvilon
Fedhas
Gozag
Hepliaklqana
Makhleb
Nemelex Xobeh
Okawaru
Qazlal
Ru
Trog
Uskayaw
Wu Jian
Xom
Yredelemnul
Zin
The Shining One

Shops:
D:1 :   D:3 *   D:4 ([*   D:7 *   D:8 [


Innate Abilities, Weirdness & Mutations

You are immune to sickness and miasma.
You are immune to poison.
Your flesh is very heat resistant. (rF++)
You are vulnerable to cold. (rC-)
You float through the air rather than walking.
You learn spells naturally, not from books.
Your magical power is your life essence.
You have superior vitality. (+4 MHP)
You have supernaturally acute eyesight. (SInv)
You occasionally shout uncontrollably at your foes.
Your spells are a little easier to cast, but a little less powerful.
You occasionally lose the ability to read scrolls when taking damage.
You expend health (3 HP) to strengthen your wands.


Message History

Casting: Frozen Ramparts (safe; 1% risk of failure)
Press: ? - help, Dir - look around, f - activate The walls around you are covered in ice.
* * * LOW HITPOINT WARNING * * *
The bullfrog hits your killer bee zombie.
Your killer bee zombie is destroyed!
Something closely misses your orc zombie.
The wall freezes the steam dragon.
The steam dragon breathes steam at you. The ball of steam hits you! You resist.
* * * LOW HITPOINT WARNING * * *
The bullfrog hits your orc zombie!
Your orc zombie is destroyed!
Unknown command.
Unknown command.
Okay, then.
Unknown command.
Unknown command.
Unknown command.
Casting: Frozen Ramparts (safe; 1% risk of failure)
Confirm with . or Enter, or press ? or * to list all spells.
Aiming: Searing Ray (safe; 1% risk of failure)
Press: ? - help, Shift-Dir - straight line, f - steam dragon
Aim: a steam dragon (lightly wounded, catching its breath, 79% to hit)
The searing ray hits the steam dragon!
The steam dragon is heavily wounded. (Press . to maintain the ray.)
* * * LOW HITPOINT WARNING * * *
The bullfrog hits your orc zombie.
Your orc zombie is destroyed!
Something hits your orc zombie.
The wall freezes the steam dragon.
Your orc zombie hits the bullfrog.
Unknown command.
The searing ray hits the steam dragon.
The steam dragon is heavily wounded.
* * * LOW HITPOINT WARNING * * *
The bullfrog hits your orc zombie.
The wall freezes the steam dragon.
The steam dragon bites you.
You die...
Your body rises from the dead as a mindless zombie.

......##### ........
.)Z......
.......####F[.....
......?#.ZZ#.....
..._...+.).#....
.......#...#.#.#
.........#...#.########
......@D#.........Z....
.##+##)⌠#.....#########
##)#...### # #.....## #
#.....# # #....### #
.....## # #.....# #
####### #


You could see a steam dragon (catching breath), a bullfrog (ally target), 2
friendly orc zombies and a friendly orc wizard zombie.

Vanquished Creatures
  Pikel (D:4)
  A wyvern (D:5)
  5 yaks (D:8)
  2 water moccasins (D:7)
  A spectral yak (D:8)
  Pargi (Sewer)
  A sky beast (D:7)
  3 orc warriors
  An ice beast (D:7)
  A centaur (D:7)
  An ogre (D:4)
  A phantom (D:5)
  4 necrophages
  2 scorpions
  4 killer bees
  4 howler monkeys
  5 orc priests
  3 hounds
  Natasha (D:3)
  5 iguanas
  8 orc wizards
  3 gnolls (D:5)
  7 adders
  A shadow imp (D:6)
  A white imp (D:8)
  2 ufetubi
  4 worms
  2 dart slugs
  30 orcs
  2 ball pythons
  3 endoplasms
  5 giant cockroaches
  3 goblins
  2 hobgoblins (D:2)
  2 quokkas
  3 bats
  A frilled lizard (D:3)
  5 kobolds
  6 rats
137 creatures vanquished.

Vanquished Creatures (collateral kills)
  A killer bee (D:8)
  A hound (D:5)
  An orc wizard (D:5)
  An ufetubus (D:7)
  A dart slug (D:5)
  10 orcs
15 creatures vanquished.

Vanquished Creatures (others)
  A killer bee zombie (D:8)
  3 orc zombies
  2 adder zombies (D:5)
6 creatures vanquished.

Grand Total: 158 creatures vanquished

Notes
Turn   | Place    | Note
-------+----------+-------------------------------------------
     0 | D:1      | Spectrina the Djinni Arcane Marksman began the quest for
                  | the Orb.
     0 | D:1      | Spectrina set off with the following spells memorised:
                  | Slow, Inner Flame, Portal Projectile, Cause Fear.
     0 | D:1      | Reached XP level 1. HP: 17/17 MP: 0/0
    79 | D:1      | Found Fozen's Book Boutique.
    88 | D:2      | You are sucked into a shaft and drop 1 floor!
   134 | D:3      | Found Silelihy's General Store.
   138 | D:3      | Bought a scroll of identify for 22 gold pieces
   190 | D:2      | Reached XP level 2. HP: 22/22 MP: 0/0
   271 | D:1      | Reached skill level 1 in Stealth
   305 | D:2      | Reached XP level 3. HP: 27/27 MP: 0/0
   305 | D:2      | Learned a level 1 spell: Shock
   382 | D:3      | Reached skill level 10 in Fighting
   382 | D:3      | Reached XP level 4. HP: 16/48 MP: 0/0
   394 | D:3      | HP: 1/48 [spore (9)]
   395 | D:3      | Reached XP level 5. HP: 1/52 MP: 0/0
   395 | D:3      | Learned a level 2 spell: Searing Ray
   649 | D:3      | Bought a scroll of poison for 44 gold pieces
   659 | D:4      | Found Zinajed's Armour Boutique.
   688 | D:3      | Reached XP level 6. HP: 44/58 MP: 0/0
   738 | D:4      | Found Zysococh's Antique Weapon Shop.
   915 | D:3      | Noticed Natasha
   918 | D:3      | Killed Natasha
  1005 | D:4      | Noticed Pikel
  1021 | D:4      | Killed Pikel
  1022 | D:4      | Reached XP level 7. HP: 51/64 MP: 0/0
  1022 | D:4      | Learned a level 3 spell: Frozen Ramparts
  1022 | D:4      | Reached XP level 8. HP: 56/70 MP: 0/0
  1059 | D:4      | Found a glowing golden altar of the Shining One.
  1129 | D:5      | Entered Level 5 of the Dungeon
  1229 | D:5      | Reached skill level 5 in Spellcasting
  1702 | D:6      | Reached XP level 9. HP: 69/75 MP: 0/0
  1702 | D:6      | Learned a level 3 spell: Call Canine Familiar
  1714 | D:6      | Found a glowing drain.
  1718 | Sewer    | Entered a sewer
  1726 | Sewer    | Noticed Pargi
  1731 | Sewer    | Killed Pargi
  1988 | D:7      | Found Wex Tishu's Assorted Antiques.
  2013 | D:7      | Found a sacrificial altar of Ru.
  2015 | D:7      | Bought a dark potion for 21 gold pieces
  2015 | D:7      | Bought a red potion for 21 gold pieces
  2015 | D:7      | Bought a fizzy silvery potion for 21 gold pieces
  2015 | D:7      | Bought a red potion for 21 gold pieces
  2182 | D:7      | Upgraded the game from 0.29-a0-885-gb26ba3297d to
                  | 0.29-a0-887-gcbe080d7e0
  2252 | D:7      | Gained mutation: You have hidden genetic defects. [potion
                  | of mutation]
  2252 | D:7      | Gained mutation: You have supernaturally acute eyesight.
                  | (SInv) [potion of mutation]
  2252 | D:7      | Gained mutation: Your spells are a little easier to cast,
                  | but a little less powerful. [potion of mutation]
  2252 | D:7      | Gained mutation: You expend health (3 HP) to strengthen
                  | your wands. [potion of mutation]
  2293 | D:7      | Bought 3 scrolls of identify for 144 gold pieces
  2313 | D:7      | Noticed a gargoyle
  2444 | D:8      | Found Isesoa Venu's Armour Shop.
  2626 | D:5      | Reached skill level 5 in Stealth
  2641 | D:5      | Gained mutation: You occasionally shout uncontrollably at
                  | your foes. [hidden defects]
  2687 | D:4      | Found Nixzyloi's General Store.
  2730 | D:4      | Found a stormy altar of Qazlal.
  2792 | D:4      | Found a snail-covered altar of Cheibriados.
  2942 | D:4      | Found a staircase to the Ecumenical Temple.
  2961 | Temple   | Entered the Ecumenical Temple
  2970 | Temple   | Became a worshipper of Yredelemnul the Dark
  3115 | D:5      | Reached XP level 10. HP: 75/81 MP: 0/0
  3116 | D:5      | Reached * piety under Yredelemnul
  3281 | D:5      | Gained mutation: You occasionally lose the ability to read
                  | scrolls when taking damage. [hidden defects]
  3281 | D:5      | Lost mutation: You have hidden genetic defects. [hidden
                  | defects expressed]
  3546 | D:8      | Reached skill level 1 in Invocations
  3648 | D:8      | Found a broken altar of Ashenzari.
  3668 | D:8      | Slain by a steam dragon

Illustrated notes

Levels and vault maps discovered:
D:1:      minmay_arrival_semitransparent, layout_loops_ring, serial_shops,
          nicolae_shop_hallway_stairs, chequers_serial_rivers_large_b
D:2:      layout_rooms
D:3:      cheibrodos_pilgrimage, layout_basic, serial_shops,
          nicolae_shop_crystal, chequers_serial_rivers_small_b, uniq_ijyb,
          uniq_natasha
D:4:      layout_gridville, nicolae_qazlal_style_of_elements,
          nicolae_overflow_squiral, cheibriados_altar_1,
          minmay_temple_entry_nine_rooms, serial_shops, shop, shop_statue, shop,
          shop, minmay_crystal_room, uniq_pikel
D:5:      layout_cave_pools, serial_park, serial_park_square1
          [serial_park_minivault_5x5_7], serial_park_tiny_1,
          serial_park_fountain, serial_park_tiny_2, serial_park_square1
          [serial_park_minivault_5x5_4]
D:6:      layout_loops_corners, gup_sewer_entry_bowl
D:7:      layout_basic, chequers_temple_overflow_statue_of_worship,
          serial_shops, shop
D:8:      layout_basic, evilmike_ruin_ashenzari, serial_shops,
          nicolae_diamond_shop, minmay_lindwurm_lava
Temple:   nicolae_temple_no_exploring_needed

Skill      XL: |  1  2  3  4  5  6  7  8  9 10 |
---------------+-------------------------------+-----
Stealth        | 1 2 4 5 |  5.7
Spellcasting   | 3 4 5 6 7 |  7.5
Fighting       | 10 | 10.6
Invocations    | 2 |  2.3
Ranged Weapons | |  1.5
Dodging        | |  2.1

Action                   |  1- 3 |  4- 6 |  7- 9 | 10-12 || total
-------------------------+-------+-------+-------+-------++-------
Melee: Whip              |       |       |    29 |    13 ||    42
       Punch             |       |       |     1 |       ||     1
 Fire: Sling             |    69 |    61 |    74 |    23 ||   227
 Cast: Slow              |     1 |     1 |     4 |       ||     6
       Inner Flame       |     1 |     7 |     7 |     3 ||    18
       Searing Ray       |       |     7 |    32 |     6 ||    45
       Frozen Ramparts   |       |       |    18 |     5 ||    23
       Shock             |       |       |     2 |     1 ||     3
       Call Canine Famil |       |       |     9 |     3 ||    12
       Portal Projectile |       |       |     2 |     4 ||     6
       Cause Fear        |       |       |     1 |       ||     1
  Use: Scroll            |     4 |       |    10 |       ||    14
       Potion            |     1 |       |    10 |       ||    11
 Stab: Distracted        |       |       |       |     1 ||     1
Armor: Robe              |    10 |    12 |    40 |    10 ||    72
Dodge: Dodged            |    21 |    13 |    80 |    17 ||   131

Table legend: (Time is in decaauts)
 A = Elapsed time spent in this place.
 B = Non-inter-level travel time spent in this place.
 C = Inter-level travel time spent in this place.
 D = Time resting spent in this place.
 E = Time spent auto-exploring this place.
 F = Levels seen in this place.
 G = Mean time per level.
                   A        B        C        D        E       F      G
               +--------+--------+--------+--------+--------+-----+--------+
         Total |   3737 |   3451 |    286 |      0 |      0 |  10 |  373.7 |
       Dungeon |   3618 |   3332 |    286 |      0 |      0 |   8 |  452.2 |
        Temple |     16 |     16 |      0 |      0 |      0 |   1 |   16.0 |
         Sewer |    101 |    101 |      0 |      0 |      0 |   1 |  101.0 |
               +--------+--------+--------+--------+--------+-----+--------+

Top non-repeatable levels by time:
     D:6: 762 daAuts
     D:4: 647 daAuts
     D:7: 629 daAuts
     D:3: 559 daAuts
     D:5: 390 daAuts
     D:2: 256 daAuts
     D:8: 215 daAuts
     D:1: 156 daAuts
   Sewer: 101 daAuts
  Temple: 16 daAuts
